 Dungeon Crawl Stone Soup version 0.21-a0-241-g2cbab09 (webtiles) character file.

239 Chiseanne the Magician (level 5, -3/39 HPs)
             Began as a Mummy Wanderer on Sept 3, 2017.
             Slain by a mummy (17 damage)
             ... in an ossuary.
             The game lasted 00:10:43 (4431 turns).

Chiseanne the Magician (Mummy Wanderer)             Turns: 4431, Time: 00:10:44

Health: -3/39      AC:  6    Str: 17    XL:     5   Next: 79%
Magic:  10/10      EV: 10    Int: 10    God:
Gold:   169        SH:  3    Dex: 12    Spells: 7/11 levels left

rFire    x . .     SeeInvis .   s - +0 falchion
rCold    + + +     Gourm    .   l - +0 buckler
rNeg     + + +     Faith    .   g - +0 ring mail {rC+}
rPois    ∞         Spirit   .   (no helmet)
rElec    .         Reflect  .   m - +0 cloak
rCorr    .         Harm     .   (no gloves)
MR       .....                  (no boots)
Stlth    +.........             (no amulet)
HPRegen  0.13/turn              c - ring of protection from cold
MPRegen  0.12/turn              (no ring)

@: no status effects
A: no food or potions, fire vulnerability, cold resistance 1, negative energy
resistance 3, torment resistance, unbreathing
a: no special abilities


You were in an ossuary.
You were not hungry.

You visited 1 branch of the dungeon, and saw 4 of its levels.
You also visited: Ossuary.

You collected 169 gold pieces.

Inventory:

Hand Weapons
 a - a +0 dagger of venom
 s - a +0 falchion (weapon)
Missiles
 d - 5 javelins of returning
 e - 24 arrows
 h - 16 poisoned needles
 i - 198 stones (quivered)
 k - 3 tomahawks
Armour
 g - a +0 ring mail of cold resistance (worn)
 l - a +0 buckler (worn)
 m - a +0 cloak (worn)
 n - a +0 leather armour of magic resistance
Jewellery
 c - a ring of protection from cold (left hand)
Wands
 o - a wand of flame (0/48)
Scrolls
 f - a scroll of teleportation
 j - a scroll of blinking


   Skills:
 * Level 2.4 Fighting
   Level 1.0 Polearms
 * Level 1.9 Armour
 - Level 2.0 Dodging
 * Level 0.8 Shields
 * Level 3.6 Spellcasting
   Level 1.7 Hexes
 * Level 1.4 Translocations
   Level 1.5 Air Magic
 - Level 1.5 Evocations


You had 7 spell levels left.
You knew the following spells:

 Your Spells              Type           Power        Failure   Level  Hunger
a - Blink                 Tloc           N/A          52%         2    N/A
b - Shroud of Golubria    Chrm/Tloc      #.........   63%         2    N/A

Dungeon Overview and Level Annotations

Branches:
Dungeon (4/15)
 Temple: D:4-7

Altars:
Hepliaklqana
Qazlal

Annotations:
D:4 Menkaure


Innate Abilities, Weirdness & Mutations

You do not eat or drink.
Your flesh is vulnerable to fire.
You are immune to poison.
Your flesh is cold resistant. (rC+)
You are immune to negative energy. (rN+++)
You are immune to unholy pain and torment.
You can survive without breathing.


Message History

You hit the goblin skeleton.
You destroy the goblin skeleton!
A mummy and a skeleton come into view.
You start waiting.
The kobold skeleton hits you but does no damage.
You hit the kobold skeleton but do no damage.
The kobold skeleton is moderately damaged.
The kobold skeleton hits you but does no damage.
You hit the kobold skeleton.
You destroy the kobold skeleton!
The mummy hits you!
You hit the mummy but do no damage.
The mummy is moderately damaged.
The mummy hits you!
You hit the mummy.
The mummy is moderately damaged.
You hit the mummy.
The mummy is heavily damaged.
The mummy hits you!
You die...

##..##..## ..##..##..##
#..##..##^.## #..##..##..##
#..##..##..## #..##..##..##
#..##..##..## #M.##..##..##
################@.##..##.^##
...................##..##..##
######################..##..##
............^...^.^.^....##∩∩#
##############################


You could see a mummy.

Vanquished Creatures
  A hound (D:4)
  An orc wizard (D:3)
  An iguana (D:3)
  3 adders (D:3)
  2 worms (D:3)
  2 dart slugs (D:1)
  2 leopard geckos
  15 orcs
  6 bats
  4 giant cockroaches
  8 goblins
  9 hobgoblins
  2 jackals (D:3)
  12 kobolds
  2 quokkas
  A ball python (D:1)
  8 frilled lizards
  2 gnoll skeletons (Ossuary)
  4 gnoll zombies (Ossuary)
  A goblin skeleton (Ossuary)
  2 goblin zombies (Ossuary)
  A hobgoblin zombie (Ossuary)
  A kobold skeleton (Ossuary)
  An orc skeleton (Ossuary)
  8 rats
  A rat skeleton (Ossuary)
  6 rat zombies (Ossuary)
106 creatures vanquished.

Vanquished Creatures (others)
  2 mummies (Ossuary)
  2 gnoll zombies (Ossuary)
  4 gnoll skeletons (Ossuary)
  3 goblin zombies (Ossuary)
  7 hobgoblin skeletons (Ossuary)
  A hobgoblin zombie (Ossuary)
  3 kobold skeletons (Ossuary)
  2 kobold zombies (Ossuary)
  2 orc skeletons (Ossuary)
  An orc zombie (Ossuary)
  3 rat skeletons (Ossuary)
  2 rat zombies (Ossuary)
32 creatures vanquished.

Grand Total: 138 creatures vanquished

Notes
Turn   | Place    | Note
-------+----------+-------------------------------------------
     0 | D:1      | Chiseanne the Mummy Wanderer began the quest for the Orb.
     0 | D:1      | Chiseanne set off with: a wand of flame (15/48), the Compendium of Dislocation, a +0 robe, a +0 club
     0 | D:1      | Reached XP level 1. HP: 15/15 MP: 2/2
     1 | D:1      | Identified the Compendium of Dislocation
   353 | D:1      | Reached XP level 2. HP: 19/21 MP: 4/4
   754 | D:1      | Reached skill level 2 in Spellcasting
   892 | D:1      | Learned a level 2 spell: Blink
  1100 | D:1      | Reached skill level 1 in Armour
  1324 | D:2      | Reached XP level 3. HP: 26/26 MP: 6/6
  2085 | D:3      | Found a hazy altar of Hepliaklqana.
  2189 | D:3      | Reached XP level 4. HP: 14/32 MP: 8/8
  2429 | D:3      | Reached skill level 3 in Spellcasting
  2733 | D:3      | Reached skill level 1 in Translocations
  2765 | D:3      | Reached XP level 5. HP: 9/38 MP: 8/10
  3644 | D:4      | Found a stormy altar of Qazlal.
  3707 | D:4      | Noticed Menkaure
  3965 | D:4      | Found a sand-covered staircase.
  3969 | Ossuary  | Entered an ossuary
  4366 | Ossuary  | Learned a level 2 spell: Shroud of Golubria
  4431 | Ossuary  | Slain by a mummy

Vault maps used:
D:1:      nzn_arrival_settlement
D:2:      first_bread, dk_vineyard_2
D:3:      nicolae_overflow_crystal_walls
D:4:      minmay_temple_entry_statues_fountains, enter_ossuary_5,
          grunt_qazlal_clouds, uniq_menkaure
Ossuary:  ossuary_due_pyramid

Skill      XL: |  1  2  3  4 |
---------------+-------------+-----
Spellcasting   | 2 3 |  3.6
Armour         | 1 |  1.9
Dodging        | 2 |  2.0
Fighting       | 2 |  2.4
Translocations | 1 |  1.4
Polearms       | |  1.0
Shields        | |  0.8
Hexes          | |  1.7
Air Magic      | |  1.5
Evocations     | |  1.5

Action                   |  1- 3 |  4- 6 || total
-------------------------+-------+-------++-------
Melee: Club              |    96 |       ||    96
       Short sword       |   114 |   144 ||   258
       Falchion          |       |    65 ||    65
       Dagger            |       |    23 ||    23
Evoke: Wand              |     5 |    10 ||    15
  Use: Scroll            |     4 |     2 ||     6
Armor: Ring mail         |    90 |    73 ||   163
Dodge: Dodged            |   121 |    85 ||   206
Block: Buckler           |       |    24 ||    24
       Rpst.: Falchion   |       |     6 ||     6

Table legend:
 A = Spawn XP
 B = Non-spawn XP
 C = Spawn XP percentage of total XP
 D = Spawn monster count
 E = Non-spawn monster count
 F = Spawn count percentage of total count
 G = Total turns spent on level
                    A         B        C        D         E        F      G
               +---------+---------+-------+---------+---------+-------+---------
         Total |      68 |     274 |  19.9 |      16 |      88 |  15.4 |  4431
               +---------+---------+-------+---------+---------+-------+---------
           D:1 |      14 |      26 |  35.0 |       9 |      13 |  40.9 |  1312
           D:2 |       6 |      30 |  16.7 |       4 |      19 |  17.4 |   773
           D:3 |       5 |     173 |   2.8 |       2 |      30 |   6.2 |  1461
           D:4 |      43 |      27 |  61.4 |       1 |       9 |  10.0 |   423
       Ossuary |       0 |      18 |   0.0 |       0 |      17 |   0.0 |   462
               +---------+---------+-------+---------+---------+-------+---------
